 Dungeon Crawl Stone Soup version 0.26.1-11-gd32895ea62 (webtiles) character file.

Game seed: 742862269799607187

5518 infcreate the Carver (level 11, -2/130 HPs)
             Began as a Human Berserker on May 20, 2021.
             Was a High Priest of Trog.
             Succumbed to an orc's poison
             ... on level 8 of the Dungeon.
             The game lasted 00:36:17 (7761 turns).

infcreate the Carver (Human Berserker)              Turns: 7761, Time: 00:36:18

Health: -2/130     AC: 19    Str: 20    XL:     11   Next: 1%
Magic:  11/11      EV: 14    Int:  8    God:    Trog [*****.]
Gold:   550        SH:  0    Dex: 13    Spells: 10/10 levels left

rFire    x . .     SeeInvis .   s - +6 great sword (vamp)
rCold    + + .     Faith    .   (shield currently unavailable)
rNeg     + . .     Spirit   .   r - +0 ice dragon scales (curse)
rPois    .         Reflect  .   o - +2 helmet
rElec    .         Harm     .   u - +0 cloak
rCorr    +         Rampage  .   m - +0 pair of gloves
Will     .....                  w - +0 pair of boots
Stlth    ..........             (no amulet)
HPRegen  0.31/turn              R - ring of resist corrosion
MPRegen  0.12/turn              N - ring of positive energy

@: berserking (expiring), lethally poisoned (-2 -> -37), slowed
A: no striking features
a: Renounce Religion, Berserk, Trog's Hand, Brothers in Arms


You were on level 8 of the Dungeon.
You worshipped Trog.
Trog was extremely pleased with you.
You visited 1 branch of the dungeon, and saw 9 of its levels.

You collected 550 gold pieces.


   Skills:
 + Level 8.4 Fighting
 + Level 8.4 Long Blades
 + Level 8.1 Armour
 + Level 8.1 Dodging


You had 10 spell levels left.
You didn't know any spells.
Your spell library was empty.

Inventory:

Hand Weapons
 s - a +6 vampiric great sword (weapon)
Missiles
 a - 43 bolts
Armour
 d - a +0 chain mail
 m - a +0 pair of gloves (worn)
 o - a +2 helmet (worn)
 r - cursed +0 ice dragon scales (worn)
 u - a +0 cloak (worn)
 w - a +0 pair of boots (worn)
Jewellery
 N - a ring of positive energy (right hand)
 R - a ring of resist corrosion (left hand)
Wands
 p - a wand of digging (11)
 t - a wand of random effects (9)
 v - a wand of polymorph (10)
Scrolls
 c - 3 scrolls of teleportation {@r4}
 g - 4 scrolls of identify {@r1}
 q - a scroll of fog {unknown}
Potions
 b - 2 potions of magic {unknown}
 e - a potion of invisibility {unknown}
 f - 3 potions of might {unknown}
 h - a potion of attraction {unknown}
 i - 3 potions of curing {unknown}
 j - 3 potions of flight {unknown}
 k - a potion of lignification {unknown}
 l - 4 potions of haste {@q3}
 n - 4 potions of heal wounds {@q2}

Dungeon Overview and Level Annotations

Branches:
Dungeon (9/15)             Temple (0/1) D:5
   Lair: D:8-11         Orc: D:9-12

Altars:
Elyvilon
Fedhas
Hepliaklqana
Nemelex Xobeh
Sif Muna
Trog
Xom
Yredelemnul

Shops:
D:8 *

Annotations:
D:6 3 runed translucent doors, Soul3d's ghost, novice DEIE

▒▒▒♣..≈▒###.#.^..###........#..##
......≈▒#...#....####.......#..#.
......≈▒.............#.........##
.≈≈≈≈≈≈▒###.............#........
'▒▒▒▒▒▒▒.........................
.# ###.............###...#.#.....
.###...............##...##(......
.....#..........))###...##.......
#.#.............@†#....###.......
.....###..#....÷........##.......
.....###....##...#.#....#........
......###...##...####...##.....##
.....#####..###..........#...#..#
........###................###...
###.............................#
## ##..(.......###..............#
.####..........##............##.#


There were no monsters in sight!


Message History

You closely miss the orc.
The orc is almost dead.
* * * LOW HITPOINT WARNING * * *
You feel very sick.
The orc hits you but does no damage. x2; The orc misses you.
Your ice dragon scales prevents you from hitting the orc.
The orc is almost dead.
* * * LOW HITPOINT WARNING * * *
You feel very sick. The orc hits you but does no damage.
The orc hits you with the +10 mace of Fimbulwinter {venom, rC++ Int-3 SInv}.
* * * LOW HITPOINT WARNING * * *
You are more poisoned.
You slash the orc!
You feel better.
You feel the power of Trog in you as your rage grows.
You kill the orc!
Trog accepts your kill.
* * * LOW HITPOINT WARNING * * *
You feel very sick. The orc barely misses you.
You slice the orc!!
You kill the orc!
Trog accepts your kill.
* * * LOW HITPOINT WARNING * * *
You feel very sick.
You are too berserk!
* * * LOW HITPOINT WARNING * * *
You feel very sick.
You feel a strong urge to attack something.
You die...

Skill      XL: |  1  2  3  4  5  6  7  8  9 10 |
---------------+-------------------------------+-----
Armour         | 3 4 5 6 8 |  8.1
Dodging        | 3 4 5 6 8 |  8.1
Fighting       | 4 5 6 7 8 |  8.4
Long Blades    | 4 5 7 8 |  8.4

Action                   |  1- 3 |  4- 6 |  7- 9 | 10-12 || total
-------------------------+-------+-------+-------+-------++-------
Melee: Falchion          |    73 |   198 |       |       ||   271
       Great sword       |       |    10 |   175 |    88 ||   273
Invok: Berserk           |       |     1 |     3 |     1 ||     5
       Brothers in Arms  |       |       |     1 |       ||     1
  Use: Scroll            |     1 |     6 |     8 |     1 ||    16
Armor: Ring mail         |    33 |    75 |     4 |       ||   112
       Scale mail        |       |       |    16 |       ||    16
       Chain mail        |       |       |    14 |       ||    14
       Ice dragon scales |       |       |    40 |    50 ||    90
Dodge: Dodged            |    54 |   127 |   106 |    73 ||   360
       Rpst.: Falchion   |    20 |    43 |       |       ||    63
       Great sword       |       |     2 |    35 |    24 ||    61

Levels and vault maps discovered:
D:1:      ldierk_walled_garden, layout_loops_ring
D:2:      layout_loops_corners, nemelex_xobeh_ov_fountains_minmay
D:3:      layout_basic, nicolae_overflow_hidden_temple, led_sif_pool, uniq_robin
D:4:      kennysheep_the_goblin_king, layout_gridville, doesnt_xom_only_xom,
          uniq_menkaure
D:5:      layout_gridville, lemuel_doored_altar, minmay_temple_entry_hall
D:6:      layout_rooms, ebering_ghost_rock_garden, corexii_leaking_fountain,
          kennysheep_small_spiral, uniq_sigmund
D:7:      layout_basic
D:8:      layout_cave_pools, minmay_shop_damaged, chequers_arboretum,
          kennysheep_path_1, chequers_hall_statues_y, uniq_grum
D:9:      gammafunk_the_bubble [the_bubble_gammafunk_plus_minus],
          layout_cave_pools, lair_entry_dummy

Notes
Turn   | Place    | Note
-------+----------+-------------------------------------------
     0 | D:1      | infcreate the Human Berserker began the quest for the Orb.
     0 | D:1      | Reached XP level 1. HP: 18/18 MP: 1/1
   172 | D:1      | Reached XP level 2. HP: 24/24 MP: 2/2
   354 | D:1      | Reached XP level 3. HP: 29/29 MP: 3/3
   360 | D:1      | Reached ** piety under Trog
  1090 | D:2      | Reached XP level 4. HP: 35/35 MP: 4/4
  1308 | D:2      | Found a sparkling altar of Nemelex Xobeh.
  1468 | D:2      | Reached XP level 5. HP: 41/42 MP: 5/5
  1514 | D:2      | Reached skill level 3 in Armour
  1813 | D:2      | Reached skill level 3 in Dodging
  2044 | D:3      | Reached *** piety under Trog
  2045 | D:3      | Noticed Robin
  2110 | D:3      | Killed Robin
  2258 | D:3      | Reached skill level 4 in Fighting
  2277 | D:3      | Noticed an ice beast
  2288 | D:3      | Killed an ice beast
  2289 | D:3      | Reached skill level 4 in Long Blades
  2289 | D:3      | Reached XP level 6. HP: 48/48 MP: 6/6
  2670 | D:3      | Found a shimmering blue altar of Sif Muna.
  3026 | D:3      | Found a blossoming altar of Fedhas.
  3321 | D:4      | Reached XP level 7. HP: 55/55 MP: 7/7
  3406 | D:4      | Noticed Menkaure
  3426 | D:4      | Killed Menkaure
  3427 | D:4      | Reached skill level 4 in Armour
  3427 | D:4      | Reached skill level 4 in Dodging
  3716 | D:4      | Found an opulent altar of Gozag.
  3718 | D:4      | Found a basalt altar of Yredelemnul.
  3718 | D:4      | Found a hazy altar of Hepliaklqana.
  3812 | D:4      | Found a shimmering altar of Xom.
  3812 | D:4      | Found a white marble altar of Elyvilon.
  3812 | D:4      | Found a shimmering altar of Xom.
  3975 | D:4      | Reached **** piety under Trog
  4147 | D:4      | Reached skill level 5 in Fighting
  4147 | D:4      | Reached skill level 5 in Long Blades
  4147 | D:4      | Reached XP level 8. HP: 61/62 MP: 8/8
  4243 | D:5      | Entered Level 5 of the Dungeon
  4263 | D:5      | Found a bloodstained altar of Trog.
  4368 | D:5      | Reached skill level 5 in Armour
  4389 | D:5      | Reached skill level 5 in Dodging
  4524 | D:5      | Found a staircase to the Ecumenical Temple.
  4673 | D:6      | Noticed Sigmund
  4718 | D:6      | Killed Sigmund
  4827 | D:6      | Reached skill level 6 in Fighting
  4827 | D:6      | Reached XP level 9. HP: 69/69 MP: 9/9
  4873 | D:6      | Noticed Soul3d's ghost (novice DEIE)
  4874 | D:6      | Found a runed translucent gate.
  4874 | D:6      | Found a runed translucent gate.
  4874 | D:6      | Found a runed translucent gate.
  4894 | D:6      | Reached skill level 6 in Long Blades
  5276 | D:6      | Reached skill level 6 in Armour
  5276 | D:6      | Reached skill level 6 in Dodging
  6152 | D:8      | Noticed a two-headed ogre
  6167 | D:8      | Killed a two-headed ogre
  6168 | D:8      | Reached skill level 7 in Fighting
  6168 | D:8      | Reached skill level 7 in Long Blades
  6168 | D:8      | Reached XP level 10. HP: 79/79 MP: 10/10
  6170 | D:8      | Noticed a two-headed ogre
  6183 | D:8      | Killed a two-headed ogre
  6184 | D:8      | Reached skill level 7 in Armour
  6184 | D:8      | Reached skill level 7 in Dodging
  6352 | D:8      | Got a smoking leather armour
  6353 | D:8      | Identified the +2 leather armour of Pandemonium {Str+9
                  | Int+4} (You found it on level 8 of the Dungeon)
  6397 | D:8      | Found Wumebaj's Lightly-Used Armoury.
  6443 | D:8      | Noticed Grum
  6473 | D:8      | Killed Grum
  7347 | D:9      | Reached skill level 8 in Fighting
  7347 | D:9      | Reached skill level 8 in Long Blades
  7639 | D:9      | Reached ***** piety under Trog
  7648 | D:9      | Reached skill level 8 in Armour
  7648 | D:9      | Reached skill level 8 in Dodging
  7648 | D:9      | Reached XP level 11. HP: 42/87 MP: 11/11
  7746 | D:9      | Identified the +10 mace of Fimbulwinter {venom, rC++ Int-3
                  | SInv}
  7757 | D:8      | HP: 13/130 [orc/the +10 mace of Fimbulwinter {venom, rC++
                  | Int-3 SInv} (5)]
  7759 | D:8      | HP: 4/130 [poisoned by an orc]
  7760 | D:8      | HP: 1/130 [poisoned by an orc]
  7761 | D:8      | Succumbed to an orc's poison

Vanquished Creatures
  2 two-headed ogres (D:8)
  A wolf spider zombie (D:9)
  Sigmund (D:6)
  6 yaks
  Grum (D:8)
  Menkaure (D:4)
  A water moccasin (D:8)
  An orc warrior (D:6)
  2 ice beasts
  A phantom (D:5)
  A black bear (D:7)
  3 ogres
  A necrophage (D:8)
  4 wolves (D:8)
  A centaur (D:7)
  4 bullfrogs
  A water moccasin zombie (D:8)
  2 electric eels (D:8)
  2 howler monkeys
  A jelly (D:5)
  2 hounds
  A gnoll shaman (D:4)
  A bullfrog skeleton (D:4)
  3 orc priests
  5 orc wizards
  4 worker ants
  A killer bee zombie (D:7)
  Robin (D:3)
  A worker ant zombie (D:9)
  4 gnolls (D:4)
  11 adders
  A shadow imp (D:9)
  An ufetubus (D:5)
  An adder skeleton (D:4)
  3 worms
  A dart slug (D:1)
  4 leopard geckos
  23 orcs
  6 giant cockroaches
  21 goblins
  8 hobgoblins
  14 jackals
  8 kobolds
  2 quokkas
  A ball python (D:1)
  12 bats
  3 frilled lizards
  A leopard gecko skeleton (D:4)
  5 rats
186 creatures vanquished.

Vanquished Creatures (others)
  5 toadstools (D:1)
5 creatures vanquished.

Grand Total: 191 creatures vanquished

Table legend: (Time is in decaauts)
 A = Elapsed time spent in this place.
 B = Non-inter-level travel time spent in this place.
 C = Inter-level travel time spent in this place.
 D = Time resting spent in this place.
 E = Time spent auto-exploring this place.
 F = Levels seen in this place.
 G = Mean time per level.
                   A        B        C        D        E       F      G
               +--------+--------+--------+--------+--------+-----+--------+
         Total |   7960 |   7238 |    722 |   1667 |      0 |   9 |  884.4 |
       Dungeon |   7960 |   7238 |    722 |   1667 |      0 |   9 |  884.4 |
               +--------+--------+--------+--------+--------+-----+--------+

Top non-repeatable levels by time:
     D:8: 1512 daAuts
     D:3: 1193 daAuts
     D:2: 1171 daAuts
     D:4: 1085 daAuts
     D:1: 900 daAuts
     D:6: 808 daAuts
     D:7: 595 daAuts
     D:5: 466 daAuts
     D:9: 227 daAuts

Table legend:
 A = Non-vault XP
 B = Vault XP
 C = Vault XP percentage of total XP
 D = Non-vault monster count
 E = Vault monster count
 F = Vault count percentage of total count
                 A         B        C        D         E       F
            +---------+---------+-------+---------+---------+-------
      Total |    6773 |    1110 |  14.1 |     159 |      27 |  14.5
            +---------+---------+-------+---------+---------+-------
        D:1 |      52 |       0 |   0.0 |      29 |       0 |   0.0
        D:2 |     120 |      14 |  10.4 |      25 |       7 |  21.9
        D:3 |     270 |      26 |   8.8 |      16 |       6 |  27.3
        D:4 |     440 |     183 |  29.4 |      23 |       8 |  25.8
        D:5 |     535 |       0 |   0.0 |      13 |       0 |   0.0
        D:6 |     747 |     242 |  24.5 |      16 |       1 |   5.9
        D:7 |     343 |       0 |   0.0 |      13 |       0 |   0.0
        D:8 |    3173 |     645 |  16.9 |      18 |       5 |  21.7
        D:9 |    1093 |       0 |   0.0 |       6 |       0 |   0.0
            +---------+---------+-------+---------+---------+-------
